 Dungeon Crawl Stone Soup version 0.20.0-15-g7f486f2 (webtiles) character file.

196 sagitran the Chopper (level 5, -1/47 HPs)
             Began as a Minotaur Fighter on June 10, 2017.
             Was a Follower of Fedhas.
             Slain by a white imp (5 damage)
             ... summoned by Eustachio
             ... on level 4 of the Dungeon.
             The game lasted 00:35:50 (1871 turns).

sagitran the Chopper (Minotaur Fighter)             Turns: 1871, Time: 00:35:58

Health: -1/47      AC: 11    Str: 26    XL:     5   Next: 46%
Magic:  4/4        EV:  8    Int:  7    God:    Fedhas [*.....]
Gold:   217        SH: 10    Dex: 10    Spells: 4/4 levels left

rFire    . . .     SeeInvis +   a - +1 war axe
rCold    . . .     Gourm    .   c - +0 shield
rNeg     . . .     Faith    .   b - +0 scale mail
rPois    .         Spirit   .   m - +3 crown of Dyrovepreva {rElec Int+2 SInv}
rElec    +         Reflect  .   (no cloak)
rCorr    .         Harm     .   k - +0 pair of gloves
MR       .....                  (no boots)
Stlth    ..........             o - amulet of magic regeneration
Regen    0.2/turn               (no ring)
MPRegen  0.2/turn               (no ring)

@: mighty
A: retaliatory headbutt, horns 2
a: Fungal Bloom, Evolution, Renounce Religion


You were on level 4 of the Dungeon.
You worshipped Fedhas.
Fedhas was aware of your devotion.
You were not hungry.

You visited 1 branch of the dungeon, and saw 4 of its levels.

You collected 217 gold pieces.

Inventory:

Hand Weapons
 a - a +1 war axe (weapon)
Missiles
 n - 2 tomahawks of dispersal (quivered)
Armour
 b - a +0 scale mail (worn)
 c - a +0 shield (worn)
 k - a +0 pair of gloves (worn)
 m - the +3 crown of Dyrovepreva (worn) {rElec Int+2 SInv}
   (You found it on level 4 of the Dungeon)

   It affects your intelligence (+2).
   It insulates you from electricity.
   It lets you see invisible.
Jewellery
 o - an amulet of magic regeneration (around neck)
Scrolls
 e - a scroll of remove curse
 i - a scroll of teleportation
 j - 2 scrolls of magic mapping
 p - 2 scrolls of recharging {unknown}
 q - a scroll of amnesia
Potions
 g - a potion of lignification
Comestibles
 f - 2 bread rations
 h - a meat ration
 l - 2 fruits


   Skills:
 + Level 4.4 Fighting
 + Level 4.7 Axes
 + Level 4.5 Armour
 + Level 1.2 Dodging
 + Level 4.6 Shields


You had 4 spell levels left.
You didn't know any spells.

Dungeon Overview and Level Annotations

Branches:
Dungeon (4/15)
 Temple: D:4-7

Altars:
Fedhas

Annotations:
D:4 Eustachio


Innate Abilities, Weirdness & Mutations

You reflexively headbutt those who attack you in melee.
You have a pair of horns on your head.


Message History

The shadow imp gestures at you.
You barely resist. You hit the white imp. Your headbutt misses the white imp.
The white imp is moderately wounded.
You closely miss the shadow imp. You block the shadow imp's attack.
The white imp gestures at you. The puff of frost hits you!
Eustachio mumbles some strange words.
Eustachio blinks!
You block the shadow imp's attack. The white imp hits you.
* * * LOW HITPOINT WARNING * * *
The white imp freezes you.
* * * LOW HITPOINT WARNING * * *
You closely miss the white imp.
The white imp is moderately wounded.
You completely miss the shadow imp. You block the shadow imp's attack.
The white imp hits you.
* * * LOW HITPOINT WARNING * * *
The white imp freezes you.
You die...
Fedhas appreciates your contribution to the ecosystem.

#.###########.....
#.# #.##..
#.###########.####
#.#.........#.#
#.#.#######.#..
#...# ### #.###
#.# #@# ......55#
#......>.
#......##. #......
.. #..[..$ ..
#...... ...
#...... ...


You could see a white imp and a shadow imp.

Vanquished Creatures
  An orc priest (D:3)
  An orc wizard (D:3)
  A worker ant (D:3)
  2 adders (D:3)
  An ooze (D:1)
  3 worms
  A dart slug (D:3)
  A leopard gecko (D:4)
  9 orcs
  3 giant cockroaches
  9 goblins
  8 hobgoblins
  6 jackals
  6 kobolds
  A quokka (D:2)
  4 bats
  5 frilled lizards
  8 rats
70 creatures vanquished.

Vanquished Creatures (others)
  19 toadstools (D:3)
19 creatures vanquished.

Grand Total: 89 creatures vanquished

Notes
Turn   | Place    | Note
-------+----------+-------------------------------------------
     0 | D:1      | sagitran the Minotaur Fighter began the quest for the Orb.
     0 | D:1      | Reached XP level 1. HP: 19/19 MP: 0/0
    52 | D:1      | Reached XP level 2. HP: 17/27 MP: 1/1
   503 | D:2      | Reached XP level 3. HP: 25/33 MP: 2/2
  1297 | D:3      | Reached XP level 4. HP: 40/40 MP: 3/3
  1406 | D:3      | Found a blossoming altar of Fedhas.
  1431 | D:3      | Became a worshipper of Fedhas Madash
  1495 | D:3      | Reached skill level 1 in Dodging
  1495 | D:3      | Reached XP level 5. HP: 25/47 MP: 4/4
  1609 | D:3      | Reached * piety under Fedhas
  1842 | D:4      | Noticed Eustachio
  1871 | D:4      | Slain by a white imp

Skill      XL: |  1  2  3  4 |
---------------+-------------+-----
Shields        | 4 |  4.6
Axes           | 3 4 |  4.7
Fighting       | 4 |  4.4
Armour         | 4 |  4.5
Dodging        | 1 |  1.2

Action                   |  1- 3 |  4- 6 || total
-------------------------+-------+-------++-------
Melee: War axe           |    81 |    65 ||   146
       Headbutt          |    11 |    15 ||    26
Invok: Fungal Bloom      |       |     6 ||     6
  Use: Potion            |     2 |     2 ||     4
       Scroll            |     5 |     2 ||     7
  Eat: Chunk             |     1 |       ||     1
       Bread ration      |       |     1 ||     1
Armor: Scale mail        |    48 |    36 ||    84
Dodge: Dodged            |    29 |    28 ||    57
Block: Shield            |    43 |    31 ||    74
